 Dungeon Crawl Stone Soup version 0.23-a0-391-g8c51ad5 (webtiles) character file.

33450 Ijustatesigmund the Thaumaturge (level 13, -14/99 HPs)
             Began as a Gnoll Wizard on Oct 29, 2018.
             Hit by a javelin thrown by Urug (28 damage)
             ... on level 14 of the Dungeon on Oct 30, 2018.
             The game lasted 01:11:24 (20234 turns).

Ijustatesigmund the Thaumaturge (Gnoll Wizard)     Turns: 20234, Time: 01:11:26

Health: -14/99     AC: 16    Str:  9    XL:     13   Next: 71%
Magic:  21/27      EV: 17    Int: 25    God:
Gold:   1212       SH:  6    Dex: 14    Spells: 12/33 levels left

rFire    + . .     SeeInvis +   V - +9 battleaxe of a Thousand Planets {chop, Int+4}
rCold    + . .     Gourm    .   (shield currently unavailable)
rNeg     . . .     Faith    .   r - +0 acid dragon scales
rPois    +         Spirit   .   b - +1 helmet
rElec    .         Reflect  +   o - scarf {rC+ rF+}
rCorr    +         Harm     .   S - +1 pair of gloves of Curiosity {rPois Int-3 Slay+3 Stlth+}
MR       .....                  f - +2 pair of boots {run}
Stlth    +++++.....             y - +6 amulet of reflection
HPRegen  1.26/turn              j - ring of see invisible
MPRegen  0.20/turn              p - ring of wizardry

@: singing, regenerating, quick
A: distributed training, fangs 1, clumsy 1, screaming 1, strong nose
a: no special abilities


You were on level 14 of the Dungeon.
You were not hungry.

You visited 2 branches of the dungeon, and saw 16 of its levels.
You also visited: Ice Cave.

You collected 1212 gold pieces.

Inventory:

Hand Weapons
 v - a +5 flail of protection
 V - the +9 battleaxe of a Thousand Planets (weapon) {chop, Int+4}
   (You found it on level 11 of the Dungeon)

   It inflicts extra damage upon your enemies.
   It affects your intelligence (+4).
Missiles
 l - 3 javelins (quivered)
 E - 2 poisoned javelins
 H - 4 steel javelins
 N - 8 throwing nets
Armour
 b - a +1 helmet (worn)
 f - a +2 pair of boots of running (worn)
 h - a +1 pair of boots
 o - a scarf of resistance (worn)
 r - +0 acid dragon scales (worn)
 A - a +0 shield
 S - the +1 pair of gloves of Curiosity (worn) {rPois Int-3 Slay+3 Stlth+}
   (You acquired it on level 11 of the Dungeon)

   It affects your intelligence (-3).
   It affects your accuracy and damage with ranged weapons and melee attacks
   (+3).
   It protects you from poison.
   It makes you more stealthy.
Magical Staves
 m - an uncursed staff of earth {unknown}
Jewellery
 j - a ring of see invisible (left hand)
 n - an uncursed ring of protection from fire
 p - a ring of wizardry (right hand)
 t - an uncursed ring of protection from cold
 w - a +2 ring of protection
 y - a +6 amulet of reflection (around neck)
 O - an uncursed ring of resist corrosion
 Q - the cursed ring "Telunytz" {rElec rC- MR+ Dex-2}
   (You took it off a gnoll on level 8 of the Dungeon)

   [ring of dexterity]

   It affects your dexterity (-2).
   It makes you vulnerable to cold.
   It insulates you from electricity.
   It affects your resistance to hostile enchantments.
   It has a curse placed upon it.
Wands
 k - a wand of flame (29)
 q - a wand of random effects (13)
 x - a wand of acid (16)
 z - a wand of enslavement (9)
 F - a wand of iceblast (8)
 J - a wand of polymorph (16)
 K - a wand of paralysis (14)
 M - a wand of clouds (4)
 P - a wand of disintegration (13)
Scrolls
 i - 3 scrolls of amnesia
 s - a scroll of teleportation
 u - 2 scrolls of enchant armour
 B - 2 scrolls of magic mapping
 D - 6 scrolls of remove curse
 G - 2 scrolls of blinking
 I - 4 scrolls of identify
 T - a scroll of immolation
Potions
 a - 2 potions of resistance
 c - 3 potions of curing
 e - a potion of lignification
 g - 8 potions of flight
 C - a potion of cancellation
 L - a potion of ambrosia {unknown}
 R - a potion of brilliance
Comestibles
 d - 21 rations


   Skills:
 + Level 8.4 Fighting
 + Level 8.4 Short Blades
 + Level 8.4 Long Blades
 + Level 8.4 Axes
 + Level 8.4 Maces & Flails
 + Level 8.4 Polearms
 + Level 8.4 Staves
 + Level 8.4 Slings
 + Level 8.4 Bows
 + Level 8.4 Crossbows
 + Level 8.4 Throwing
 + Level 8.4 Armour
 + Level 9.6 Dodging
 + Level 9.4 Stealth
 + Level 8.4 Shields
 + Level 8.4 Unarmed Combat
 + Level 10.9 Spellcasting
 + Level 7.3 Conjurations
 + Level 7.0 Hexes
 + Level 7.0 Charms
 + Level 7.3 Summonings
 + Level 7.0 Necromancy
 + Level 7.3 Translocations
 + Level 7.0 Transmutations
 + Level 7.0 Fire Magic
 + Level 7.0 Ice Magic
 + Level 7.0 Air Magic
 + Level 7.0 Earth Magic
 + Level 7.0 Poison Magic
 + Level 9.2 Invocations
 + Level 8.4 Evocations


You had 12 spell levels left.
You knew the following spells:

 Your Spells              Type           Power        Failure   Level  Hunger
a - Magic Dart            Conj           ####         1%          1    None
b - Blink                 Tloc           N/A          1%          2    None
c - Mephitic Cloud        Conj/Pois/Air  #####...     1%          3    None
d - Conjure Flame         Conj/Fire      #####...     1%          3    None
e - Searing Ray           Conj           ######       1%          2    None
f - Dazzling Spray        Conj/Hex       #####.       1%          3    None
g - Regeneration          Chrm/Necr      #####.....   1%          3    None
h - Shroud of Golubria    Chrm/Tloc      #####.....   1%          2    None
i - Song of Slaying       Chrm           #####...     1%          2    None

Your spell library contained the following spells:

 Spells                   Type           Power        Failure   Level  Hunger
 Animate Skeleton         Necr           N/A          1%          1    None
 Infusion                 Chrm           ####         1%          1    None
 Pain                     Necr           ####         1%          1    None
 Call Imp                 Summ           ######..     1%          2    None
 Slow                     Hex            #####...     1%          2    None
 Spectral Weapon          Hex/Chrm       #####...     1%          3    None
 Vampiric Draining        Necr           #####.....   1%          3    None
 Animate Dead             Necr           N/A          1%          4    None
 Force Lance              Conj/Tloc      ######..     1%          4    None
 Fulminant Prism          Conj/Hex       #####.....   1%          4    None
 Iskenderun's Mystic Bla  Conj           ######..     1%          4    None
 Bolt of Magma            Conj/Fire/Erth #####.....   4%          5    ####...
 Iskenderun's Battlesphe  Conj/Chrm      #####...     4%          5    ####...
 Venom Bolt               Conj/Pois      #####.....   4%          5    ####...
 Iron Shot                Conj/Erth      #####.....   21%         6    #####..
 Orb of Destruction       Conj           ######....   69%         7    #######
 Spellforged Servitor     Conj/Summ      ######....   69%         7    #######


Dungeon Overview and Level Annotations

Branches:
Dungeon (15/15)            Temple (1/1) D:4            Lair (0/6) D:9
    Orc (0/2) D:10         Vaults (0/5) D:14
 Depths: D:15

Altars:
Ashenzari
Dithmenos
Elyvilon
Fedhas
Gozag
Hepliaklqana
Kikubaaqudgha
Makhleb
Nemelex Xobeh
Okawaru
Qazlal
Ru
Sif Muna
Trog
Uskayaw
Vehumet
Wu Jian
Xom
Yredelemnul
Zin

Shops:
D:8 }   D:15 [

Annotations:
D:7 Grum
D:10 Nergalle
D:12 1 runed door, Noebliem's ghost, journeyman DECj
D:14 Urug


Innate Abilities, Weirdness & Mutations

Your experience applies equally to all skills.
You have very sharp teeth.
Your uncanny sense of smell can sniff out nearby items.
You are clumsy. (Dex -2)
You occasionally shout uncontrollably at your foes.


Message History

You slash the human!
You kill the human!
You barely miss the two-headed ogre. You slash the troll! You slash the human!
You kill the human!
You slice the human!! You closely miss the centaur warrior. You hit the human.
You slash the human! The centaur warrior hits you.
* * * LOW HITPOINT WARNING * * *
The human barely misses you. The human hits you but does no damage.
The two-headed ogre hits you but does no damage. x2
Urug hits you from afar with a +5 demon trident!
* * * LOW HITPOINT WARNING * * *
The troll closely misses you. x3; You block the centaur warrior's attack.
The human hits you but does no damage. The human barely misses you.
The human hits you but does no damage. You block the human's attack.
Okay, then.
Okay, then.
Casting: Song of Slaying (safe; 1% risk of failure)
Confirm with . or Enter, or press ? or * to list all spells.
You blink.
Urug throws a javelin.
The javelin hits you!!
You die...

### ..## #..(##
... .....#
#..#######....##.
#................
#........@....#
#.......p.....#
#............#
#....cpp.....#
#....p§To.....#
#....p†O.......#
#.........(......
.................
#..............


You could see Urug, a centaur warrior, a two-headed ogre, a troll and 5 humans.

Vanquished Creatures
  A hydra (D:12)
  3 centaur warriors
  3 two-headed ogres
  4 unseen horrors
  A glowing orange brain (D:11)
  A flayed ghost (D:14)
  A shining eye (shapeshifter) (D:11)
  A manticore (D:15)
  5 cyclopes
  8 ugly things
  Joseph (D:7)
  A guardian serpent (D:10)
  2 gargoyles
  3 ice statues (IceCv)
  A freezing wraith (D:15)
  3 trolls
  A hornet (D:11)
  4 hippogriffs
  A meliai zombie (D:11)
  A shadow (D:11)
  13 yaks
  Sigmund (D:2)
  3 wyverns
  A vampire (D:10)
  2 wraiths
  11 humans (D:14)
  A yak (shapeshifter) (D:15)
  Eustachio (D:6)
  A basilisk (D:12)
  A vampire mosquito (D:11)
  Edmund (D:4)
  A soldier ant (D:11)
  3 wargs
  An acid dragon (D:15)
  2 water moccasins
  Purgy (D:4)
  2 sky beasts
  8 ice beasts
  3 orc warriors
  An eye of draining (D:11)
  A black bear (D:9)
  2 necrophages
  2 phantoms
  2 wolves (D:8)
  3 crocodiles
  8 ogres
  15 centaurs
  A big kobold (D:11)
  10 bullfrogs
  2 gnoll sergeants (D:8)
  2 wyvern skeletons
  9 scorpions
  6 killer bees (D:12)
  4 wights (D:11)
  3 howler monkeys
  12 crimson imps
  A bullfrog zombie (D:13)
  6 centaur zombies
  A quasit (D:2)
  4 orc priests
  10 hounds
  12 orc wizards
  2 centaur skeletons
  4 gnoll shamans
  3 jellies
  8 iguanas
  Ijyb (D:3)
  6 worker ants
  4 hound skeletons
  A worker ant zombie (D:5)
  A howler monkey zombie (D:7)
  24 gnolls
  12 adders
  5 shadow imps
  12 white imps (D:13)
  3 oozes
  An adder skeleton (D:5)
  7 worms
  2 dart slugs
  6 leopard geckos
  42 orcs
  7 bats
  A bat zombie (D:2)
  2 giant cockroaches
  5 goblins
  6 hobgoblins
  12 jackals
  7 quokkas
  A ball python (D:3)
  6 frilled lizards
  12 kobolds
  A leopard gecko skeleton (D:8)
  A leopard gecko zombie (D:5)
  2 quokka zombies
  3 rats
  2 rat zombies (D:2)
  A plant (D:5)
433 creatures vanquished.

Vanquished Creatures (others)
  A troll (D:11)
  An ogre (D:9)
  A centaur (D:11)
  A crimson imp (D:7)
  A worker ant zombie (D:11)
  A gnoll (D:8)
  13 fungi
  4 plants
23 creatures vanquished.

Grand Total: 456 creatures vanquished

Notes
Turn   | Place    | Note
-------+----------+-------------------------------------------
     0 | D:1      | Ijustatesigmund the Gnoll Wizard began the quest for the
                  | Orb.
     0 | D:1      | Reached XP level 1. HP: 13/13 MP: 8/8
   241 | D:1      | Reached XP level 2. HP: 19/19 MP: 0/10
   969 | D:2      | Reached XP level 3. HP: 18/25 MP: 11/11
   973 | D:2      | Learned a level 2 spell: Blink
   977 | D:2      | Learned a level 3 spell: Mephitic Cloud
  1118 | D:2      | Reached skill level 1 in Invocations
  1183 | D:2      | Reached skill level 1 in Fighting
  1183 | D:2      | Reached skill level 1 in Short Blades
  1183 | D:2      | Reached skill level 1 in Long Blades
  1183 | D:2      | Reached skill level 1 in Axes
  1183 | D:2      | Reached skill level 1 in Maces & Flails
  1183 | D:2      | Reached skill level 1 in Polearms
  1183 | D:2      | Reached skill level 1 in Staves
  1183 | D:2      | Reached skill level 1 in Slings
  1183 | D:2      | Reached skill level 1 in Bows
  1183 | D:2      | Reached skill level 1 in Crossbows
  1183 | D:2      | Reached skill level 1 in Throwing
  1183 | D:2      | Reached skill level 1 in Armour
  1183 | D:2      | Reached skill level 1 in Shields
  1183 | D:2      | Reached skill level 1 in Unarmed Combat
  1183 | D:2      | Reached skill level 1 in Evocations
  1264 | D:2      | Found a faded altar of an unknown god.
  1299 | D:2      | Reached XP level 4. HP: 32/32 MP: 8/13
  1313 | D:2      | Noticed Sigmund
  1326 | D:2      | Killed Sigmund
  1326 | D:2      | Reached skill level 1 in Hexes
  1326 | D:2      | Reached skill level 1 in Charms
  1326 | D:2      | Reached skill level 1 in Necromancy
  1326 | D:2      | Reached skill level 1 in Transmutations
  1326 | D:2      | Reached skill level 1 in Fire Magic
  1326 | D:2      | Reached skill level 1 in Ice Magic
  1326 | D:2      | Reached skill level 1 in Air Magic
  1326 | D:2      | Reached skill level 1 in Earth Magic
  1326 | D:2      | Reached skill level 1 in Poison Magic
  1326 | D:2      | Reached XP level 5. HP: 36/37 MP: 10/14
  1563 | D:2      | Reached XP level 6. HP: 44/44 MP: 10/16
  1729 | D:2      | Found an ancient bone altar of Kikubaaqudgha.
  1808 | D:2      | Reached skill level 5 in Dodging
  2163 | D:3      | Noticed Ijyb
  2190 | D:3      | Killed Ijyb
  2315 | D:3      | Reached XP level 7. HP: 50/50 MP: 9/18
  2379 | D:3      | Found a deep blue altar of Sif Muna.
  2883 | D:3      | Learned a level 3 spell: Conjure Flame
  3142 | D:4      | Noticed Purgy
  3198 | D:4      | Killed Purgy
  3198 | D:4      | Reached skill level 5 in Stealth
  3445 | D:4      | Noticed Eustachio
  3452 | D:4      | Noticed Edmund
  3465 | D:4      | Killed Edmund
  3465 | D:4      | Reached XP level 8. HP: 44/57 MP: 3/19
  3584 | D:4      | Found a staircase to the Ecumenical Temple.
  3593 | Temple   | Entered the Ecumenical Temple
  4058 | D:4      | Found a blossoming altar of Fedhas.
  4219 | D:4      | Found a shimmering altar of Xom.
  4220 | D:4      | Found a hazy altar of Hepliaklqana.
  4222 | D:4      | Noticed a spectral ugly thing
  4306 | D:5      | Entered Level 5 of the Dungeon
  4430 | D:5      | Found an ornate altar of the Wu Jian Council.
  4449 | D:5      | Found a burning altar of Makhleb.
  4878 | D:5      | Reached skill level 8 in Spellcasting
  5010 | D:5      | Found a stormy altar of Qazlal.
  5104 | D:5      | Found a bloodstained altar of Trog.
  5104 | D:5      | Found a hide-covered altar of Uskayaw.
  5504 | D:6      | Killed Eustachio
  5580 | D:6      | Learned a level 2 spell: Searing Ray
  5671 | D:6      | Reached XP level 9. HP: 65/65 MP: 11/21
  6315 | D:7      | Noticed Joseph
  6390 | D:7      | Killed Joseph
  7092 | D:7      | Found a bloodstained altar of Trog.
  7268 | D:8      | Found Vauclugu's Gadget Shoppe.
  7320 | D:8      | Noticed Grum
  8078 | D:8      | Reached skill level 5 in Invocations
  8117 | D:8      | Found a sparkling altar of Nemelex Xobeh.
  8368 | D:8      | Identified the cursed ring "Telunytz" {rElec rC- MR+ Dex-2}
  8467 | D:8      | Reached XP level 10. HP: 73/73 MP: 15/22
  9424 | D:8      | Found the +7 Singing Sword {slice, sonic wave}
  9733 | D:9      | Found a staircase to the Lair.
  9743 | D:9      | Reached skill level 5 in Fighting
  9743 | D:9      | Reached skill level 5 in Short Blades
  9743 | D:9      | Reached skill level 5 in Long Blades
  9743 | D:9      | Reached skill level 5 in Axes
  9743 | D:9      | Reached skill level 5 in Maces & Flails
  9743 | D:9      | Reached skill level 5 in Polearms
  9743 | D:9      | Reached skill level 5 in Staves
  9743 | D:9      | Reached skill level 5 in Slings
  9743 | D:9      | Reached skill level 5 in Bows
  9743 | D:9      | Reached skill level 5 in Crossbows
  9743 | D:9      | Reached skill level 5 in Throwing
  9743 | D:9      | Reached skill level 5 in Armour
  9743 | D:9      | Reached skill level 5 in Shields
  9743 | D:9      | Reached skill level 5 in Unarmed Combat
  9743 | D:9      | Reached skill level 5 in Evocations
 10410 | D:9      | Reached skill level 9 in Spellcasting
 10497 | D:9      | Noticed a two-headed ogre
 10611 | D:9      | Learned a level 3 spell: Dazzling Spray
 10662 | D:9      | Killed a two-headed ogre
 10662 | D:9      | Reached skill level 5 in Conjurations
 10662 | D:9      | Reached skill level 5 in Summonings
 10662 | D:9      | Reached skill level 5 in Translocations
 10925 | D:9      | Found a stormy altar of Qazlal.
 11206 | D:10     | Entered Level 10 of the Dungeon
 11206 | D:10     | Found a staircase to the Orcish Mines.
 11881 | D:10     | Reached XP level 11. HP: 36/81 MP: 9/24
 12407 | D:11     | Identified the +6 war axe of Ambiguity {freeze, +Blink}
 12430 | D:11     | Noticed a cyclops
 13159 | D:10     | Reached skill level 5 in Hexes
 13159 | D:10     | Reached skill level 5 in Charms
 13159 | D:10     | Reached skill level 5 in Necromancy
 13159 | D:10     | Reached skill level 5 in Transmutations
 13159 | D:10     | Reached skill level 5 in Fire Magic
 13159 | D:10     | Reached skill level 5 in Ice Magic
 13159 | D:10     | Reached skill level 5 in Air Magic
 13159 | D:10     | Reached skill level 5 in Earth Magic
 13159 | D:10     | Reached skill level 5 in Poison Magic
 13679 | D:11     | Killed a cyclops
 13979 | D:11     | Learned a level 3 spell: Regeneration
 13988 | D:11     | Noticed a cyclops
 13993 | D:11     | Noticed an unseen horror
 14092 | D:10     | Killed a cyclops
 14591 | D:11     | Killed an unseen horror
 14721 | D:11     | Noticed a centaur warrior
 14830 | D:11     | Noticed a two-headed ogre
 14847 | D:11     | Killed a two-headed ogre
 14849 | D:11     | Noticed a cyclops
 14853 | D:11     | Noticed a deep troll earth mage
 14855 | D:11     | Killed a centaur warrior
 14855 | D:11     | Reached XP level 12. HP: 64/89 MP: 15/25
 15033 | D:11     | Noticed Nergalle
 15803 | D:11     | Upgraded the game from 0.23-a0-389-g4a5eb33 to
                  | 0.23-a0-391-g8c51ad5
 15806 | D:11     | Learned a level 2 spell: Shroud of Golubria
 15898 | D:11     | Reached skill level 10 in Spellcasting
 16207 | D:11     | Noticed a two-headed ogre
 16228 | D:11     | Killed a two-headed ogre
 16261 | D:11     | Noticed a two-headed ogre
 16281 | D:11     | a two-headed ogre changed into a glowing orange brain
 16519 | D:11     | Identified a +0 pair of boots of running (You found it on
                  | level 11 of the Dungeon)
 16689 | D:11     | Gained mutation: You occasionally shout uncontrollably at
                  | your foes. [a shining eye]
 16693 | D:11     | Gained mutation: You are clumsy. (Dex -2) [a shining eye]
 16709 | D:11     | Got a warped battleaxe
 16710 | D:11     | Identified the +9 battleaxe of a Thousand Planets {chop,
                  | Int+4} (You found it on level 11 of the Dungeon)
 16731 | D:11     | Identified a scroll of acquirement
 16734 | D:11     | Got a pair of scorched gloves
 16740 | D:11     | Identified the +1 pair of gloves of Curiosity {rPois Int-3
                  | Slay+3 Stlth+} (You acquired it on level 11 of the Dungeon)
 16745 | D:11     | Found a blossoming altar of Fedhas.
 17322 | D:12     | Noticed a six-headed hydra
 17447 | D:12     | Killed a six-headed hydra
 17659 | D:12     | Found a runed door.
 17659 | D:12     | Noticed Noebliem's ghost (journeyman DECj)
 17745 | D:12     | Reached XP level 13. HP: 67/98 MP: 27/27
 18333 | D:13     | Found a frozen archway.
 18357 | IceCv    | Entered an ice cave
 19101 | IceCv    | Got a translucent hand axe
 19102 | IceCv    | Identified the +6 hand axe of Traps {chop, Dex+3} (You
                  | found it in an ice cave)
 19509 | D:13     | Learned a level 2 spell: Song of Slaying
 19757 | D:13     | You fall through a shaft for 2 floors!
 19757 | D:15     | Entered Level 15 of the Dungeon
 20000 | D:15     | Found Zuuvyigg's Armour Shop.
 20220 | D:14     | Found a gate to the Vaults.
 20220 | D:14     | Noticed Urug
 20234 | D:14     | Hit by a javelin thrown by Urug

Vault maps used:
D:1:      dpeg_arrival_orchard, minivault_25, roderic_serpentine_path
D:2:      lemuel_zombie_altar_kikubaaqudgha, serial_bayou, serial_bayou_shore_b,
          serial_bayou_lagoon_b, serial_bayou_pond_d, serial_bayou_pond_e,
          serial_bayou_shore_a, serial_bayou_shore_b,
          chequers_ecumenical_altar_simple_redux, first_ration, uniq_sigmund
D:3:      led_sif_book, serial_bayou_pond_d, uniq_ijyb
D:4:      regret_index_temple_of_mockery, temple_hall, fedhas_altar_3,
          uniq_purgy, uniq_eustachio, uniq_edmund
D:5:      makhleb_heckhound_becter, nicolae_overflow_crystal_walls,
          nicolae_overflow_hidden_temple, serial_bayou_lagoon_a
D:7:      trog_book, uniq_joseph
D:8:      old_forge, nemelex_xobeh_ov_fountains_minmay, serial_gnoll_camp,
          gnoll_camp_medium_01, gnoll_camp_mini_shop, gnoll_camp_medium_02,
          gnoll_camp_mini_basic, uniq_grum
D:9:      dpeg_oklobed_lair, grunt_ogre_cave, grunt_qazlal_clouds
D:10:     minmay_orc_entry_guard_dogs, serial_column_ruins, column_ruins_hut,
          column_ruins_corridor_straight, column_ruins_open_small,
          column_ruins_grid_4, column_ruins_grid_1,
          nrook_guardian_serpent_ordinary
D:11:     minmay_the_grid_square_5x5_5x5_mashed, basic_altar, uniq_nergalle
D:12:     ebering_ghost_inner_flame
D:13:     portal_ice_cave_entry_imps
D:14:     david_vaults_3, ebering_ghost_inner_flame,
          hangedman_abyss_or_decor_clamps, uniq_rupert
D:15:     grunt_enter_depths_giant_problem, serial_shops, shop,
          chequers_decorated_corner, uniq_agnes
Temple:   jpeg_temple_alley_garden
IceCv:    ice_cave_statue_garden_chambered

Skill      XL: |  1  2  3  4  5  6  7  8  9 10 11 12 13 |
---------------+----------------------------------------+-----
Conjurations   | 2 3 4 5 6 7 |  7.3
Summonings     | 2 3 4 5 6 7 |  7.3
Translocations | 2 3 4 5 6 7 |  7.3
Invocations    | 1 2 3 4 5 6 7 8 9 |  9.2
Fighting       | 1 2 3 4 5 6 7 8 |  8.4
Short Blades   | 1 2 3 4 5 6 7 8 |  8.4
Long Blades    | 1 2 3 4 5 6 7 8 |  8.4
Axes           | 1 2 3 4 5 6 7 8 |  8.4
Maces & Flails | 1 2 3 4 5 6 7 8 |  8.4
Polearms       | 1 2 3 4 5 6 7 8 |  8.4
Staves         | 1 2 3 4 5 6 7 8 |  8.4
Slings         | 1 2 3 4 5 6 7 8 |  8.4
Bows           | 1 2 3 4 5 6 7 8 |  8.4
Crossbows      | 1 2 3 4 5 6 7 8 |  8.4
Throwing       | 1 2 3 4 5 6 7 8 |  8.4
Armour         | 1 2 3 4 5 6 7 8 |  8.4
Shields        | 1 2 3 4 5 6 7 8 |  8.4
Unarmed Combat | 1 2 3 4 5 6 7 8 |  8.4
Evocations     | 1 2 3 4 5 6 7 8 |  8.4
Hexes          | 1 2 3 4 5 6 7 |  7.0
Charms         | 1 2 3 4 5 6 7 |  7.0
Necromancy     | 1 2 3 4 5 6 7 |  7.0
Transmutations | 1 2 3 4 5 6 7 |  7.0
Fire Magic     | 1 2 3 4 5 6 7 |  7.0
Ice Magic      | 1 2 3 4 5 6 7 |  7.0
Air Magic      | 1 2 3 4 5 6 7 |  7.0
Earth Magic    | 1 2 3 4 5 6 7 |  7.0
Poison Magic   | 1 2 3 4 5 6 7 |  7.0
Dodging        | 5 6 7 8 9 |  9.6
Stealth        | 5 6 7 8 9 |  9.4
Spellcasting   | 8 9 10 | 10.9

Action                   |  1- 3 |  4- 6 |  7- 9 | 10-12 | 13-15 || total
-------------------------+-------+-------+-------+-------+-------++-------
Melee: Dagger            |    33 |    21 |       |       |       ||    54
       Bite              |     3 |     8 |    24 |    79 |    13 ||   127
       Short sword       |       |    36 |    42 |       |       ||    78
       Punch             |       |     1 |     2 |    19 |       ||    22
       Flail             |       |       |   185 |   625 |       ||   810
       Battleaxe         |       |       |       |    73 |   165 ||   238
Throw: Javelin           |     2 |       |       |     2 |       ||     4
       Throwing net      |       |     1 |       |       |       ||     1
 Cast: Magic Dart        |    38 |    58 |   359 |   481 |    18 ||   954
       Blink             |       |       |     7 |    13 |     3 ||    23
       Mephitic Cloud    |       |       |    10 |    22 |       ||    32
       Searing Ray       |       |       |     1 |     3 |       ||     4
       Dazzling Spray    |       |       |       |    15 |       ||    15
       Regeneration      |       |       |       |     6 |     1 ||     7
       Conjure Flame     |       |       |       |     3 |       ||     3
       Shroud of Golubri |       |       |       |     1 |     1 ||     2
       Song of Slaying   |       |       |       |       |     1 ||     1
Evoke: Wand              |       |       |     4 |    12 |     4 ||    20
  Use: Scroll            |     4 |     2 |    12 |    16 |     3 ||    37
       Potion            |       |     1 |     1 |    12 |     1 ||    15
 Stab: Sleeping          |     1 |       |    10 |     3 |     8 ||    22
       Held in net/web   |       |     1 |       |       |       ||     1
       Confused          |       |       |     1 |     6 |       ||     7
       Paralysed         |       |       |     6 |     3 |       ||     9
       Distracted        |       |       |       |     1 |       ||     1
  Eat: Chunk             |     1 |     3 |    13 |     6 |     3 ||    26
       Ration            |       |       |     2 |     7 |     2 ||    11
Armor: Leather armour    |    11 |    20 |       |       |       ||    31
       Ring mail         |       |       |   128 |   391 |    84 ||   603
       Skin              |       |       |       |    26 |       ||    26
       Acid dragon scale |       |       |       |       |    28 ||    28
Dodge: Dodged            |    17 |    46 |   179 |   621 |   188 ||  1051
Block: Other             |       |       |    84 |   296 |    73 ||   453
       Reflection        |       |       |     2 |    13 |     9 ||    24
       Shield            |       |       |       |     2 |       ||     2

Table legend:
 A = Non-vault XP
 B = Vault XP
 C = Vault XP percentage of total XP
 D = Non-vault monster count
 E = Vault monster count
 F = Vault count percentage of total count
                 A         B        C        D         E       F
            +---------+---------+-------+---------+---------+-------
      Total |   24051 |   23736 |  49.7 |     290 |     148 |  33.8
            +---------+---------+-------+---------+---------+-------
        D:1 |      18 |       0 |   0.0 |      10 |       0 |   0.0
        D:2 |     229 |     216 |  48.5 |      17 |       4 |  19.0
        D:3 |     295 |     121 |  29.1 |      35 |       3 |   7.9
        D:4 |     254 |     291 |  53.4 |      18 |       2 |  10.0
        D:5 |     502 |      42 |   7.7 |      17 |       1 |   5.6
        D:6 |     280 |     191 |  40.6 |      15 |       1 |   6.2
        D:7 |     902 |     469 |  34.2 |      18 |       1 |   5.3
        D:8 |    1361 |    1303 |  48.9 |      23 |      43 |  65.2
        D:9 |    1798 |     115 |   6.0 |      15 |       1 |   6.2
       D:10 |    1648 |    2569 |  60.9 |      18 |      12 |  40.0
       D:11 |    3078 |   12300 |  80.0 |      37 |      45 |  54.9
       D:12 |    6628 |       0 |   0.0 |      38 |       0 |   0.0
       D:13 |    4603 |     126 |   2.7 |      23 |      12 |  34.3
       D:14 |       0 |    2900 | 100.0 |       0 |      12 | 100.0
       D:15 |    2455 |       0 |   0.0 |       6 |       0 |   0.0
      IceCv |       0 |    3093 | 100.0 |       0 |      11 | 100.0
            +---------+---------+-------+---------+---------+-------
